 Dungeon Crawl Stone Soup version 0.31-a0-117-g42d8f58691 (webtiles) character file.

Game seed: 8504796962620671803

101 MacCMillion the Gusty (level 4, -2/24 HPs)
             Began as a Tengu Air Elementalist on May 30, 2023.
             Slain by Terence
             ... wielding a +5 flail of holy wrath
              (5 damage)
             ... on level 2 of the Dungeon.
             The game lasted 00:05:29 (3380 turns).

MacCMillion the Gusty (Tengu Air Elementalist)      Turns: 3380, Time: 00:05:29

Health: -2/24      AC:  2    Str:  9    XL:     4   Next: 75%
Magic:  2/9        EV: 12    Int: 17    God:
Gold:   154        SH:  0    Dex: 14    Spells: 3/9 levels left

rFire   . . .        d - +0 dagger
rCold   . . .        (no shield)
rNeg    . . .        a - +0 robe
rPois   .            (helmet restricted)
rElec   .            (no cloak)
rCorr   .            (no gloves)
SInv    .            (boots unavailable)
Will    .....        (no amulet)
Stlth   ++           (no ring)
HPRegen 0.24/turn    (no ring)
MPRegen 0.11/turn

%: no passive effects
@: swift, very quick
A: beak, talons 3
a: no special abilities


You were on level 2 of the Dungeon.
You visited 1 branch of the dungeon, and saw 3 of its levels.

You collected 154 gold pieces.

Inventory:

Hand Weapons
 d - a +0 dagger (weapon)
Armour
 a - a +0 robe (worn)
Jewellery
 l - a ring of resist corrosion
Scrolls
 c - a scroll of magic mapping {unknown}
 e - 4 scrolls of identify {unknown}
 f - a scroll of vulnerability {unknown}
Potions
 b - a potion of magic
 g - 2 potions of enlightenment {unknown}
 h - 2 potions of ambrosia {unknown}
 i - 4 potions of heal wounds {unknown}
 j - 2 potions of brilliance {unknown}
 k - a potion of degeneration {unknown}


   Skills:
 - Level 2.1 Dodging
 - Level 2.0 Stealth
 + Level 3.0 Spellcasting
 + Level 3.4 Conjurations
 + Level 5.2 Air Magic


You had 3 spell levels left.
You knew the following spells:

 Your Spells              Type           Power      Damage    Failure   Level
a - Shock                 Conj/Air       68%        1d7       3%          1
b - Static Discharge      Conj/Air       34%        2-4/arc   4%          2
c - Swiftness             Air            20%        N/A       6%          3

Your spell library contained the following spells:

 Spells                   Type           Power      Damage    Failure   Level
 Sandblast                Erth           4%         2d4       17%         1
 Passwall                 Tmut/Erth      1%         N/A       26%         2
 Stone Arrow              Conj/Erth      16%        3d8       26%         3
 Airstrike                Air            10%        2d(2-18)  21%         4


Dungeon Overview and Level Annotations

Branches:
Dungeon (3/15)

Altars:

Shops:
D:2 (

Annotations:
D:2 Sigmund, Terence


Innate Abilities, Weirdness & Mutations

You have a beak for a mouth.
You have claws for feet.


Message History

The worm is moderately wounded.
The lightning grounds out.
The worm bites you!
Casting: Static Discharge (safe; 4% risk of failure)
Confirm with . or Enter, or press ? or * to list all spells.
The worm is struck by an arc of lightning.
The worm is heavily wounded.
You are struck by an arc of lightning.
The lightning grounds out.
Casting: Static Discharge (safe; 4% risk of failure)
Confirm with . or Enter, or press ? or * to list all spells.
The worm is struck by an arc of lightning.
The worm is almost dead.
You are struck by an arc of lightning.
The lightning grounds out.
The worm bites you.
* * * LOW HITPOINT WARNING * * *
There is a stone staircase leading up here.
You climb upwards.
Level annotation: Sigmund, Terence Terence shouts!
Terence hits you with a +5 flail of holy wrath!
* * * LOW HITPOINT WARNING * * *
There is a stone staircase leading down, spattered with blood here.
Terence is nearby!
Terence attacks as you move away! Terence closely misses you.
Terence attacks as you move away! Terence closely misses you.
Okay, then.
Sorry, you're not good enough to have a special ability.
Unknown command.
Casting: Static Discharge (safe; 4% risk of failure)
Confirm with . or Enter, or press ? or * to list all spells.
Okay, then.
Casting: Static Discharge (safe; 4% risk of failure)
Confirm with . or Enter, or press ? or * to list all spells.
The spell is quite dangerous to miscast (6% risk of failure)!
Continue anyway? [Y]es or [N]o only, please.
The spell is quite dangerous to miscast (6% risk of failure)!
Continue anyway? [Y]es or [N]o only, please.
The spell is quite dangerous to miscast (6% risk of failure)!
Continue anyway?
You feel quick.
Terence hits you with a +5 flail of holy wrath.
You die...

#...#####.##.##.# ## #...##
#.##..#.# #. ######...#
#.###.#.### ###.
..∩...##.####.###.#.#.## ####..†
.#...................#.####...†##
.#..#.##...#####..#.###.......#..
...........#####..[..#.####÷.#...
.#........)...##.####.## #.#####
.#..........#.##@# #.#####.#....
...........[..##@# #....##.#...)
###...........>..# ####.##.#....
# ##.#.....##.#### #.##.#....
#......###....# #....#....
###.#.## ####.# ##.#.'####
#.....# #.# #.#...... #.....# #.#
#........ #.....# ###.###
#########


You could see Terence.

Vanquished Creatures
  3 adders
  2 worms (D:2)
  A dart slug (D:1)
  An orc (D:3)
  4 ball pythons
  5 endoplasms
  6 giant cockroaches
  8 goblins
  5 hobgoblins
  A jackal (D:3)
  3 kobolds
  9 bats
  6 frilled lizards
  8 rats
62 creatures vanquished.

Notes
Turn   | Place    | Note
-------+----------+-------------------------------------------
     0 | D:1      | MacCMillion the Tengu Air Elementalist began the quest for
                  | the Orb.
     0 | D:1      | Reached XP level 1. HP: 10/10 MP: 4/4
   361 | D:1      | Reached XP level 2. HP: 15/15 MP: 3/6
   939 | D:1      | Reached XP level 3. HP: 19/19 MP: 5/7
  1525 | D:2      | Noticed Sigmund
  1836 | D:2      | Learned a level 2 spell: Static Discharge
  1840 | D:2      | Learned a level 3 spell: Swiftness
  2472 | D:2      | Noticed Terence
  2498 | D:2      | Found Wusir's Antique Weapon Emporium.
  2617 | D:2      | Reached XP level 4. HP: 24/24 MP: 4/9
  2939 | D:2      | Reached skill level 5 in Air Magic
  3380 | D:2      | Slain by Terence

Illustrated notes

Levels and vault maps discovered:
D:1:      lemuel_arrival_lava_pool, layout_basic, minmay_tiny_reverse_x
D:2:      layout_loops_cross, serial_shops, shop, nrook_campfire,
          kennysheep_another_room, minmay_3d_cube, uniq_terence, uniq_sigmund
D:3:      layout_basic, minmay_checkerbox, uniq_jessica

Skill      XL: |  1  2  3  4 |
---------------+-------------+-----
Conjurations   | 2 3 |  3.4
Air Magic      | 5 |  5.2
Spellcasting   | 3 |  3.0
Dodging        | |  2.1
Stealth        | |  2.0

Action                     |  1- 3 |  4- 6 || total
---------------------------+-------+-------++-------
  Melee: Dagger            |     9 |     2 ||    11
         Kick              |     2 |       ||     2
   Cast: Shock             |    85 |    27 ||   112
         Static Discharge  |     3 |     6 ||     9
         Swiftness         |       |     1 ||     1
   Stab: Sleeping          |     5 |     1 ||     6
 Armour: Robe              |     4 |     3 ||     7
  Dodge: Dodged            |    10 |     8 ||    18

Table legend: (Time is in decaauts)
 A = Elapsed time spent in this place.
 B = Non-inter-level travel time spent in this place.
 C = Inter-level travel time spent in this place.
 D = Time resting spent in this place.
 E = Time spent auto-exploring this place.
 F = Levels seen in this place.
 G = Mean time per level.
                   A        B        C        D        E       F      G
               +--------+--------+--------+--------+--------+-----+--------+
         Total |   3380 |   3277 |    103 |    786 |   2087 |   3 | 1126.7 |
       Dungeon |   3380 |   3277 |    103 |    786 |   2087 |   3 | 1126.7 |
               +--------+--------+--------+--------+--------+-----+--------+

Top non-repeatable levels by time:
     D:1: 1603 daAuts
     D:2: 1398 daAuts
     D:3: 378 daAuts
